 Dungeon Crawl Stone Soup version 0.32-a0-913-g739538afd8 (webtiles) character file.

Game seed: 5921910842760893196

325 Heh the Apothecary (level 6, -2/29 (44) HPs)
             Began as a Coglin Alchemist on Apr 7, 2024.
             Slain by a wight
             ... wielding a +2 war axe of draining
              (4 damage)
             ... on level 4 of the Dungeon.
             The game lasted 00:08:09 (3636 turns).

Heh the Apothecary (Coglin Alchemist)               Turns: 3636, Time: 00:08:09

HP:   -2/29 (44)    AC:  4    Str:  8    XL:     6   Next: 48%
MP:   9/9           EV: 11    Int: 14    God:
Gold: 185           SH:  0    Dex: 17    Spells: 1/9 levels left

rFire   . . .        t - +0 long sword {Nhalahla}
rCold   . . .        r - +0 rapier {Tae}
rNeg    . . .        o - +2 robe {Will+}
rPois   .            (no helmet)
rElec   .            (no cloak)
rCorr   .            (no gloves)
SInv    .            (no boots)
Will    ++...        (amulet unavailable)
Stlth   ++           (ring unavailable)
HPRegen 0.24/turn    (ring unavailable)
MPRegen 0.11/turn    (no gizmo)

%: no passive effects
@: enlightened, flying, very heavily drained, revving
A: off-hand wielding, slow wielding, warmup strikes, no jewellery
a: Invent Gizmo


You were on level 4 of the Dungeon.
You visited 1 branch of the dungeon, and saw 4 of its levels.

You collected 227 gold pieces.
You spent 42 gold pieces at shops.

Inventory:

Hand Weapons
 c - a +0 dagger {Mishil}
 k - a +0 short sword {Liang}
 p - a +1 halberd of venom
 q - a +0 whip of venom {Qiu}
 r - a +0 rapier (offhand) {Tae}
 t - a +0 long sword (weapon) {Nhalahla}
Missiles
 i - 4 javelins
Armour
 a - a +0 robe
 g - a scarf of harm
 o - a +2 robe of willpower (worn)
Scrolls
 h - a scroll of silence
 s - a scroll of blinking
 u - a scroll of teleportation
 v - a scroll of vulnerability
Potions
 b - a potion of magic
 d - a potion of curing
 j - a potion of attraction
 l - a potion of ambrosia
 m - a potion of enlightenment
 n - a potion of haste {unknown}


   Skills:
 - Level 2.0 Fighting
 - Level 1.0(1.5) Short Blades
 + Level 1.9(2.1) Long Blades
 - Level 1.7 Dodging
 - Level 1.5 Stealth
 - Level 2.0 Spellcasting
 - Level 1.0 Conjurations
 + Level 6.5 Alchemy


You had one spell level left.
You knew the following spells:

 Your Spells              Type           Power      Damage    Failure   Level
a - Sting                 Conj/Alch      44%        1d5       4%          1
b - Mephitic Cloud        Conj/Alch/Air  8%         N/A       26%         3
c - Olgreb's Toxic Radia  Alch           19%        N/A       16%         4

Your spell library contained the following spells:

 Spells                   Type           Power      Damage    Failure   Level
 Mercury Vapours          Alch/Air       20%        N/A       10%         2
 Dazzling Flash           Conj/Hex       4%         N/A       50%         3
 Sticky Flame             Fire/Alch      10%        2d5       52%         4
 Frozen Ramparts          Ice            2%         1d1       56%         3
 Ozocubu's Armour         Ice            1%         N/A       56%         3
 Curse of Agony           Necr           1%         N/A       100%        5
 Metabolic Englaciation   Hex/Ice        0%         N/A       100%        5
 Silence                  Hex/Air        0%         N/A       100%        5


Dungeon Overview and Level Annotations

Branches:
Dungeon (4/15)
 Temple: D:4-7

Altars:
Ru

Shops:
D:1 !   D:3 *


Innate Abilities, Weirdness & Mutations

You can wield a second weapon in your off-hand.
It takes a long time for you to wield or remove held weapons.
Your first few attacks do less damage.
You cannot equip rings or amulets.


Message History

You climb upwards.
There is a stone staircase leading down here.
You start resting.
Magic restored.
You start resting.
HP restored.
You climb downwards.
The wight closely misses you.
The wight hits you with a +2 war axe of draining!
You feel drained.
There is a stone staircase leading up, spattered with blood here.
You closely miss the wight with your +0 long sword.
You hit the wight with your +0 rapier. The wight closely misses you.
You barely miss the wight with your +0 long sword.
The wight is lightly damaged.
You hit the wight but do no damage.
The wight hits you with a +2 war axe of draining!
You feel drained.
You closely miss the wight with your +0 rapier.
The wight is lightly damaged.
You closely miss the wight with your +0 long sword.
The wight hits you with a +2 war axe of draining!
* * * LOW HITPOINT WARNING * * *
You feel drained. x2
* * * LOW HITPOINT WARNING * * *
The wight hits you with a +2 war axe of draining.
* * * LOW HITPOINT WARNING * * *
You feel drained. x2
You feel much better.
The wight hits you with a +2 war axe of draining!
You feel drained.
It was a potion of enlightenment.
You feel very buoyant.
You fly up into the air.
The wight closely misses you.
Okay, then.
The wight hits you with a +2 war axe of draining!
* * * LOW HITPOINT WARNING * * *
You feel drained.
* * * LOW HITPOINT WARNING * * *
You feel drained.
You die...

......##$....#
.........#...##
.........)....##
...............#.
.......♣.........
..........###....
.....♣...♣.#.....
........z........
......†@...#.....
..#..............
. #..♣...♣.......
#..............#.
###....♣.......#
#.....#.......
#.#### ###.##. #.
..


You could see a wight.

Vanquished Creatures
  An ogre (D:4)
  A bullfrog (D:3)
  A jelly (D:3)
  4 gnolls
  3 adders
  4 dart slugs
  3 ribbon worms
  An orc (D:3)
  3 ball pythons
  5 endoplasms
  3 giant cockroaches
  5 goblins
  6 hobgoblins
  7 jackals
  4 quokkas
  8 bats
  3 frilled lizards
  5 kobolds
  6 rats
73 creatures vanquished.

Notes
Turn   | Place    | Note
-------+----------+-------------------------------------------
     0 | D:1      | Heh the Coglin Alchemist began the quest for the Orb.
     0 | D:1      | Reached XP level 1. HP: 13/13 MP: 3/3
   291 | D:1      | Reached skill level 1 in Fighting
   291 | D:1      | Reached XP level 2. HP: 18/21 MP: 4/4
   519 | D:1      | Found Toetesat's Distillery.
   973 | D:2      | Reached skill level 4 in Alchemy
   973 | D:2      | Reached XP level 3. HP: 22/27 MP: 5/5
  1230 | D:2      | Learned a level 3 spell: Mephitic Cloud
  1300 | D:2      | Reached skill level 1 in Conjurations
  1305 | D:2      | Reached XP level 4. HP: 29/33 MP: 0/6
  1861 | D:2      | Reached skill level 1 in Short Blades
  2307 | D:3      | Found a sacrificial altar of Ru.
  2447 | D:3      | Reached skill level 5 in Alchemy
  2447 | D:3      | Reached XP level 5. HP: 23/38 MP: 4/8
  2535 | D:3      | Learned a level 4 spell: Olgreb's Toxic Radiance
  2707 | D:3      | Found Anlydokhlo's Assorted Antiques.
  2713 | D:3      | Bought a scroll labelled UMAIFE NIREDY for 21 gold pieces
  2713 | D:3      | Bought a scroll labelled LEURAD UWNUM for 21 gold pieces
  3030 | D:3      | Reached skill level 1 in Long Blades
  3030 | D:3      | Reached skill level 6 in Alchemy
  3044 | D:3      | Reached XP level 6. HP: 5/44 MP: 9/9
  3633 | D:4      | HP: 1/37 [wight/+2 war axe of draining (1)]
  3636 | D:4      | Slain by a wight

Illustrated notes

Levels and vault maps discovered:
D:1:      dpeg_arrival_castle, layout_basic, serial_shops,
          nicolae_shop_industrial_runoff
D:2:      layout_loops_cross, amcnicky_mini_rare_corridor_liquid,
          minmay_misc_feat_rows
D:3:      minmay_chambers_of_twos, layout_loops_ring, nicolae_ru_awakened_eye,
          serial_shops, shop
D:4:      layout_cave_pools, minmay_liquid_box, kennysheep_decorative_pillar,
          minmay_stone_trees_small, grunt_ministairs_2, uniq_robin

Skill      XL: |  1  2  3  4  5 |
---------------+----------------+-----
Fighting       | 1 2 |  2.0
Alchemy        | 4 5 6 |  6.5
Conjurations   | 1 |  1.0
Short Blades   | 1 |  1.0
Spellcasting   | 2 |  2.0
Long Blades    | 1 |  1.9
Dodging        | |  1.7
Stealth        | |  1.5

Action                     |  1- 3 |  4- 6 || total
---------------------------+-------+-------++-------
  Melee: Dagger            |    69 |    26 ||    95
         Unarmed           |     2 |       ||     2
         Short sword       |    15 |    27 ||    42
         Whip              |       |    12 ||    12
         Rapier            |       |    57 ||    57
         Long sword        |       |    47 ||    47
   Cast: Sting             |    26 |    18 ||    44
         Mephitic Cloud    |       |     5 ||     5
         Olgreb's Toxic Ra |       |     2 ||     2
    Use: Potion            |       |     8 ||     8
         Scroll            |       |     6 ||     6
   Stab: Sleeping          |     3 |     4 ||     7
         Confused          |       |     2 ||     2
 Armour: Robe              |    45 |    83 ||   128
  Dodge: Dodged            |    53 |    68 ||   121

Table legend: (Time is in decaauts)
 A = Elapsed time spent in this place.
 B = Non-inter-level travel time spent in this place.
 C = Inter-level travel time spent in this place.
 D = Time resting spent in this place.
 E = Time spent auto-exploring this place.
 F = Levels seen in this place.
 G = Mean time per level.
                   A        B        C        D        E       F      G
               +--------+--------+--------+--------+--------+-----+--------+
         Total |   3655 |   3496 |    159 |    477 |   2360 |   4 |  913.8 |
       Dungeon |   3655 |   3496 |    159 |    477 |   2360 |   4 |  913.8 |
               +--------+--------+--------+--------+--------+-----+--------+

Top non-repeatable levels by time:
     D:3: 1395 daAuts
     D:2: 1372 daAuts
     D:1: 805 daAuts
     D:4: 81 daAuts
